Workbook

Sheet ADHESION 2018
A1: NB | B1: NATIONALITE | C1: SOCIETES | D1: RENOUVELLEMENT | E1: COTIS | F1: HEBDO | G1: PAIEMENT
A2: 1 | B2: F | C2: ADIT | D2: 1 | E2: 660 | F2: 170.83 | G2: 1
A3: 1 | B3: F | C3: AIR DE MALICE | D3: 1 | E3: 660 | F3: 170.83 | G3: 1
A4: 1 | B4: F | C4: AIR FRANCE | E4: 1200
A5: 1 | B5: F | C5: AIR LIQUIDE | E5: 1200
A6: 1 | B6: F | C6: AIRBUS GROUP | E6: 1200
A7: 1 | B7: F | C7: AIRBUS HELICOPTERS | E7: 1200
A8: 1 | B8: J | C8: AJINOMOTO EUROPE | D8: 1 | E8: 660 | G8: 1
A9: 1 | B9: J | C9: AKEBONO BRAKE INDUSTRY - Bureau de liaison Europe | D9: 1 | E9: 660 | G9: 1
A10: 1 | B10: J | C10: ALL NIPPON AIRWAYS CO. LTD | E10: 660
A11: 1 | B11: F | C11: ALP | D11: 1 | E11: 660 | G11: 1
A12: 1 | B12: F | C12: ALTANA | D12: 1 | E12: 660 | G12: 1
A13: 1 | B13: F | C13: ARCHIPEL JAPON | D13: 1 | E13: 660 | G13: 1
A14: 1 | B14: F | C14: ART SANJO | D14: 1 | E14: 660 | G14: 1
A15: 1 | B15: F | C15: ARTELIE | D15: 1 | E15: 660 | G15: 1
A16: 1 | B16: F | C16: ASIE COMMUNICATION | D16: 1 | E16: 660 | G16: 1
A17: 1 | B17: F | C17: ATSU ATSU EVENT / OKOTAKO | D17: 1 | E17: 660 | G17: 1
A18: 1 | B18: F | C18: AXA ASSISTANCE | E18: 1200
A19: 1 | B19: J | C19: BANQUE NOMURA FRANCE | D19: 1 | E19: 660 | G19: 1
A20: 1 | B20: F | C20: BERSAY & ASSOCIES | E20: 660
A21: 1 | B21: F | C21: BIOMERIEUX | D21: 1 | E21: 1200 | G21: 1
A22: 1 | B22: F | C22: BIRD & BIRD | D22: 1 | E22: 660 | G22: 1
A23: 1 | B23: F | C23: BLACK CODE EVENT | E23: 660
A24: 1 | B24: J | C24: HIDE KASUGA 1896 | D24: 1 | E24: 660 | G24: 1
A25: 1 | B25: F | C25: CABIRA INVESTISSEMENT | D25: 1 | E25: 660 | G25: 1
A26: 1 | B26: F | C26: CADERAS MARTIN | D26: 1 | E26: 660 | G26: 1
A27: 1 | B27: F | C27: CAISSE D'EPARGNE ILE DE FRANCE | D27: 1 | E27: 1200 | G27: 1
A28: 1 | B28: J | C28: CALSONIC KANSEI EUROPE | D28: 1 | E28: 660 | G28: 1
A29: 1 | B29: F | C29: CEFIR CONSULTING | D29: 1 | E29: 660 | G29: 1
A30: 1 | B30: F | C30: CFAO | D30: 1 | E30: 1200 | G30: 1
A31: 1 | B31: F | C31: CHAMPAGNE LAURENT PERRIER | D31: 1 | E31: 1200 | G31: 1
A32: 1 | B32: J | C32: CHARMANT FRANCE | D32: 1 | E32: 660 | G32: 1
A33: 1 | B33: F | C33: CHÂTEAU DU CLOS LUCE | D33: 1 | E33: 660 | G33: 1
A34: 1 | B34: F | C34: COMITE D'EXPANSION ECONOMIQUE DU VAL D'OISE | D34: 1 | E34: 660 | G34: 1
A35: 1 | B35: F | C35: COMPTAPLUS | D35: 1 | E35: 660 | G35: 1
A36: 1 | B36: F | C36: CREDIT AGRICOLE CIB | E36: 1200
A37: 1 | B37: F | C37: CROSSLIGHT | D37: 1 | E37: 660 | G37: 1
A38: 1 | B38: J | C38: DAI NIPPON PRINTING CO., LTD | D38: 1 | E38: 660 | G38: 1
A39: 1 | B39: F | C39: DS AVOCATS | D39: 1 | E39: 660 | G39: 1
A40: 1 | B40: F | C40: EDENRED | E40: 660
A41: 1 | B41: F | C41: ELITECH GROUP | D41: 1 | E41: 660 | G41: 1
A42: 1 | B42: F | C42: ELOKAMI PRODUCTION | D42: 1 | E42: 660 | G42: 1
A43: 1 | B43: F | C43: ENGIE | D43: 1 | E43: 1200 | G43: en cours
A44: 1 | B44: J | C44: ENYAA | E44: 660
A45: 1 | B45: F | C45: ERNST & YOUNG | D45: 1 | E45: 1200 | G45: 1
A46: 1 | B46: F | C46: ESMOD | D46: 1 | E46: 660 | G46: 1
A47: 1 | B47: F | C47: ETNA INDUSTRIES | D47: 1 | E47: 660 | G47: 1
A48: 1 | B48: J | C48: EUROPEAN SAKATA HOLDING | D48: 1 | E48: 1200 | G48: 1
A49: 1 | B49: F | C49: EXA PARTNERS | D49: 1 | E49: 660 | G49: 1
A50: 1 | B50: F | C50: F&JP | D50: 1 | E50: 660 | F50: 170.83 | G50: 1
A51: 1 | B51: F | C51: FERAL SCHUHL SAINTE MARIE | D51: 1 | E51: 660 | G51: 1
A52: 1 | B52: F | C52: FIDAL - Direction Internationale | D52: 1 | E52: 1200 | G52: 1
A53: 1 | B53: F | C53: FONDATION FOUJITA | D53: 1 | E53: 660 | G53: 1
A54: 1 | B54: J | C54: FUJITSU TECHNOLOGY SOLUTIONS | E54: 1200
A55: 1 | B55: J | C55: GRAM 3 FRANCE | D55: 1 | E55: 660 | G55: 1
A56: 1 | B56: F | C56: GRANT THORNTON | D56: 1 | E56: 1200 | F56: 170.83 | G56: 1
A57: 1 | B57: F | C57: GROUPE GR | D57: 1 | E57: 660 | F57: 170.83 | G57: 1
A58: 1 | B58: F | C58: HERBERT SMITH | D58: 1 | E58: 1200 | G58: 1
A59: 1 | B59: F | C59: HERMES INTERNATIONAL | E59: 1200
A60: 1 | B60: J | C60: HIGH BRIDGE & CO | E60: 660
A61: 1 | B61: J | C61: HITACHI CORPORATE OFFICE, EUROPE | D61: 1 | E61: 1200 | G61: 1
A62: 1 | B62: F | C62: HOTEL NAPOLEON | E62: 660
A63: 1 | B63: J | C63: HOTEL OKURA TOKYO | D63: 1 | E63: 1200 | G63: 1 | H63: 1440 - erreur paiement
A64: 1 | B64: J | C64: HUMAN ACADEMY | E64: 660
A65: 1 | B65: J | C65: INSTITUT D'ECONOMIE ET DE STRATEGIE FRANCO-JAPONAIS | D65: 1 | E65: 660 | G65: 1
A66: 1 | B66: F | C66: INTERFINEXA | D66: 1 | E66: 660 | G66: 1
A67: 1 | B67: J | C67: IPPUDO PARIS | D67: 1 | E67: 660 | G67: 1
A68: 1 | B68: J | C68: ITOCHU | E68: 1200
A69: 1 | B69: J | C69: IWASE COSFA EUROPE | D69: 1 | E69: 660 | G69: 1
A70: 1 | B70: J | C70: JAL - JAPAN AIRLINES | D70: 1 | E70: 660 | G70: 1
A71: 1 | B71: J | C71: JAPAN RAILWAY GROUP | D71: 1 | E71: 660 | G71: 1
A72: 1 | B72: F | C72: JAPON INFORMATION | D72: 1 | E72: 660 | G72: 1
A73: 1 | B73: J | C73: JATCO FRANCE | E73: 660
A74: 1 | B74: F | C74: JCDECAUX | D74: 1 | E74: 1200 | G74: 1
A75: 1 | B75: F | C75: JP KARSENTY ET ASSOCIES | D75: 1 | E75: 660 | G75: 1
A76: 1 | B76: J | C76: JT INTERNATIONAL FRANCE | D76: 1 | E76: 1200 | F76: 170.83 | G76: 1
A77: 1 | B77: J | C77: JTB GLOBAL BUSINESS FRANCE | D77: 1 | E77: 660 | G77: 1
A78: 1 | B78: J | C78: KANSAI TELECASTING CORPORATION | D78: 1 | E78: 1200 | G78: 1
A79: 1 | B79: F | C79: KATZ MENARD BERRIER AVOCATS AARPI | D79: 1 | E79: 660 | G79: 1
A80: 1 | B80: J | C80: KDDI FRANCE | E80: 660
A81: 1 | B81: F | C81: KERING | E81: 1200
A82: 1 | B82: J | C82: KLEE INC PARIS TOKYO | E82: 660
A83: 1 | B83: F | C83: KPMG AUDIT | D83: 1 | E83: 1200 | G83: 1
A84: 1 | B84: J | C84: KPMG AZSA LLC | D84: 1 | E84: 660 | F84: 170.83 | G84: 1
A85: 1 | B85: J | C85: KYOCERA FINECERAMICS | D85: 1 | E85: 1200 | F85: 170.83 | G85: 1
A86: 1 | B86: F | C86: LE PUBLIC SYSTÈME CINEMA | D86: 1 | E86: 660 | G86: 1
A87: 1 | B87: F | C87: LEGRAND FILLES & FILS | E87: 660
A88: 1 | B88: F | C88: LEONARD FASHION | D88: 1 | E88: 660 | G88: 1
A89: 1 | B89: F | C89: LPA-CGR | D89: 1 | E89: 1200 | G89: 1
A90: 1 | B90: F | C90: LVMH | D90: 1 | E90: 1200 | G90: 1
A91: 1 | B91: F | C91: MAISON DU BON | E91: 660
A92: 1 | B92: F | C92: MANDEL & ASSOCIES | D92: 1 | E92: 660 | G92: 1
A93: 1 | B93: J | C93: MARUBENI EUROPE | E93: 660
A94: 1 | B94: J | C94: MARUYASU INDUSTRIES CO. LTD | D94: 1 | E94: 660 | G94: 1
A95: 1 | B95: J | C95: MITSUBISHI FRANCE | D95: 1 | E95: 660 | G95: 1
A96: 1 | B96: J | C96: MITSUBISHI HEAVY INDUSTRIES FRANCE | D96: 1 | E96: 660 | G96: 1
A97: 1 | B97: J | C97: MITSUI & CO. EUROPE PLC | D97: 1 | E97: 1200 | F97: 170.83 | G97: 1
A98: 1 | B98: J | C98: MIZUHO BANK | D98: 1 | E98: 1200 | G98: 1
A99: 1 | B99: F | C99: MONDEL INTERNATIONAL | D99: 1 | E99: 660 | G99: 1
A100: 1 | B100: F | C100: MULTALER & CIE | D100: 1 | E100: 660 | G100: 1
...

Sheet Yukari
A1: Biens de consommations | C1: Industrie | E1: Services | G1: Hautes technologies | I1: 4 secteurs principaux
A2: Art & culture | C2: Aéronautique | E2: Art & culture | G2: PROPHESEE | I2: Biens de consommations | J2: Industrie
A3: PIERRE-YVES CAER GALLERY | C3: AIRBUS HELICOPTERS | E3: FONDATION FOUJITA | I3: Luxe, Gastronomie, Cosmétique, Art & Culture, etc. | J3: Energie, Automobile, Aéronautique, Industrie etc
A4: EDITIONS AKINOME | C4: AIRBUS GROUP | E4: Assurance | I4: Services | J4: Hautes technologie
A5: Agro-alimentaire | C5: Agro-alimentaire | E5: AXA ASSISTANCE | I5: Evénementiel, Hôtellerie, Médias, Restauration, etc. | J5: IT
A6: FOODEX | C6: AJINOMOTO Europe | E6: RAMBAUD LABROSSE
A7: SUNTORY France | C7: EUROPEAN SAKATA HOLDING | E7: SOMPO JAPAN NIPPONKOA MARTIN & BOULART
A8: Biochimie | C8: Automobile | E8: TOKIO MARINE KILN INSURANCE LIMITED
A9: BIOMERIEUX | C9: AKEBONO BRAKE INDUSTRY - Bureau de liaison Europe | E9: Banque et services financiers
A10: Cosmétiques | C10: ALLIANCE RENAULT NISSAN | E10: BANQUE NOMURA France | I10: SECTEUR 2 | J10: GROUPE | K10: TOTAL
A11: MULTALER & CIE | C11: CALSONIC KANSEI | E11: CAISSE D'EPARGNE ILE-DE-FRANCE | I11: Aéronautique | J11: IND | K11: 1 | L11: =SUM(K11)/J49 -> 0.0063694268
A12: IWASE COSFA EUROPE | C12: JATCO France | E12: CREDIT AGRICOLE CIB | I12: Aéronautique | J12: IND | K12: 1 | L12: =SUM(K12)/J49 -> 0.0063694268
A13: Electronique | C13: MARUYASU INDUSTRIES | E13: MIZUHO BANK | I13: Agro-alimentaire | J13: IND | K13: 1 | L13: =SUM(K13)/J49 -> 0.0063694268
A14: EVERTEAM | C14: NMB MINEBEA | E14: SBE - SOCIETE DE BANQUE ET D'EXPANSION | I14: Agro-alimentaire | J14: IND | K14: 1 | L14: =SUM(K14)/J49 -> 0.0063694268
A15: FUJITSU TECHNOLOGY SOLUTIONS | C15: RENAULT | E15: SUMITOMO MITSUI TRUST BANK | I15: Automobile | J15: IND | K15: 1 | L15: =SUM(K15)/J49 -> 0.0063694268
A16: HITACHI CORPORATE OFFICE Europe | C16: TOYOTA MOTOR Europe | E16: THE BANK OF TOKYO MITSUBISHI -UFJ | I16: Automobile | J16: IND | K16: 1 | L16: =SUM(K16)/J49 -> 0.0063694268
A17: KYOCERA FINECERAMICS | C17: VALEO | E17: WENDEL | I17: Automobile | J17: IND | K17: 1 | L17: =SUM(K17)/J49 -> 0.0063694268
A18: THALES INTERNATIONAL | C18: Construction & urbanisme | E18: Cabinet d'avocats | I18: Automobile | J18: IND | K18: 1 | L18: =SUM(K18)/J49 -> 0.0063694268
A19: Gastronomie | C19: JCDECAUX | E19: AC LEGAL AVOCAT | I19: Automobile | J19: IND | K19: 1 | L19: =SUM(K19)/J49 -> 0.0063694268
A20: CHAMPAGNE LAURENT PERRIER | C20: TAKENAKA Europe | E20: ALTANA | I20: Automobile | J20: IND | K20: 1 | L20: =SUM(K20)/J49 -> 0.0063694268
A21: LEGRAND FILLES & FILS | C21: Energie | E21: BERSAY & ASSOCIES | I21: Automobile | J21: IND | K21: 1 | L21: =SUM(K21)/J49 -> 0.0063694268
A22: MAISON DU BON | C22: AIR LIQUIDE | E22: BIRD & BIRD | I22: Automobile | J22: IND | K22: 1 | L22: =SUM(K22)/J49 -> 0.0063694268
A23: PÂTISSERIE TOMO | C23: ENGIE | E23: DS AVOCATS | I23: Automobile | J23: IND | K23: 1 | L23: =SUM(K23)/J49 -> 0.0063694268
A24: PIERRE HERME PARIS | C24: TOKYO GAS | E24: FERAL SCHUHL SAINTE MARIE | I24: Construction & urbanisme | J24: IND | K24: 1 | L24: =SUM(K24)/J49 -> 0.0063694268
A25: VP WINES France | C25: TOTAL | E25: FIDAL - Direction Internationale | I25: Construction & urbanisme | J25: IND | K25: 1 | L25: =SUM(K25)/J49 -> 0.0063694268
A26: VALICOM & DECO / KUMIKO MATCHA | C26: Industrie | E26: HERBERT SMITH | I26: Energie | J26: IND | K26: 1 | L26: =SUM(K26)/J49 -> 0.0063694268
A27: SANRIO CAMPANY | C27: ETNA INDUSTRIES | E27: JP KARSENTY ET ASSOCIES | I27: Energie | J27: IND | K27: 1 | L27: =SUM(K27)/J49 -> 0.0063694268
A28: Luxe | C28: JT INTERNATIONAL | E28: KATZ MENARD BERRIER AVOCATS | I28: Energie | J28: IND | K28: 1 | L28: =SUM(K28)/J49 -> 0.0063694268
A29: EDITH ET MARCEL | C29: MITSUBISHI HEAVY INDUSTRIES France | E29: LPA-CGR | I29: Energie | J29: IND | K29: 1 | L29: =SUM(K29)/J49 -> 0.0063694268
A30: CHARMANT France | C30: NTN SNR ROULEMENTS | E30: MANDEL & ASSOCIES | I30: Hautes technologies | J30: HT | K30: 1 | L30: =SUM(K30)/J49 -> 0.0063694268
A31: HERMES INTERNATIONAL | C31: TUNGALOY FRANCE | E31: Communication | I31: Industrie | J31: IND | K31: 1 | L31: =SUM(K31)/J49 -> 0.0063694268
A32: KERING | C32: YUKI PRECISION | E32: ARCHIPEL JAPON | I32: Industrie | J32: IND | K32: 1 | L32: =SUM(K32)/J49 -> 0.0063694268
A33: LEONARD FASHION | C33: Luxe | E33: DAI NIPPON PRINTING | I33: Industrie | J33: IND | K33: 1 | L33: =SUM(K33)/J49 -> 0.0063694268
A34: LVMH | C34: HIDE KASUGA 1896 | E34: ELOKAMI PRODUCTION | I34: Industrie | J34: IND | K34: 1 | L34: =SUM(K34)/J49 -> 0.0063694268
A35: SHISEIDO INTERNATIONAL Europe | E35: JEAN/LOUIS | I35: Industrie | J35: IND | K35: 1 | L35: =SUM(K35)/J49 -> 0.0063694268
A36: TASAKI | E36: GRAM 3 | I36: Industrie | J36: IND | K36: 1 | L36: =SUM(K36)/J49 -> 0.0063694268
A37: YUMI KATSURA France | E37: JAPON INFORMATION | I37: Luxe | J37: IND | K37: 1 | L37: =SUM(K37)/J49 -> 0.0063694268
A38: Médical | E38: Conseil | K38: 27 | L38: 100
A39: ELITECH GROUP | E39: ADIT
A40: SHIMADZU France | E40: ALP
A41: Société de commerce | E41: ARTELIE
A42: CFAO | E42: ASIE COMMUNICATION INTL
A43: ITOCHU France | E43: CABIRA INVESTISSEMENT
A44: MARUBENI Europe | E44: CEFIR CONSULTING
A45: MITSUBISHI France | E45: COMITE D'EXPANSION ECONOMIQUE DU VAL D'OISE | I45: Hautes Technologies | J45: 1 | K45: 0.0050505051
A46: MITSUI & CO. Europe | E46: ERNST & YOUNG | I46: Biens de consommations | J46: 40 | K46: 0.25477707
A47: SOJITZ Europe | E47: EURO JAPAN CROSSING | I47: Industrie | J47: 26 | K47: 0.1656051
A48: TOKYO BUSINESS CONSULTANT | E48: EXA PARTNERS | I48: Services | J48: 90 | K48: 0.57324841
A49: Télécommunications | E49: F&JP | I49: TOTAL | J49: 157 | K49: 0.99868108
A50: KDDI France | E50: GRANT THORNTON
A51: NTT EUROPE LTD - France | E51: INTERFINEXA
E52: INSTITUT D'ECONOMIE ET DE STRATEGIE FRANCO-JAPONAIS
E53: KPMG AZSA LLC
E54: KPMG AUDIT
E55: MONDEL INTERNATIONAL
E56: PASONA AGRI-PARTNERS
E57: RETOUT GROUP INTERNATIONAL BUSINESS GROUP
E58: SCENERY France
E59: SUCRECUBE
E60: VALERIE TERRANOVA INTERNATIONAL
E61: Distribution
E62: BHV EXPLOITATION
E63: Enseignement
... E108: JAPAN RAILWAY GROUP

Sheet GLOBAL
A1: NATIONALITE | B1: COTISATION | C1: SOCIETES | D1: SECTEUR | E1: SECTEUR 2 | F1: GROUPE | G1: TOTAL
A2: F | B2: 1200 | C2: AIRBUS HELICOPTERS | D2: Aéronautique & défense | E2: Aéronautique | F2: IND | G2: 1
A3: F | B3: 1200 | C3: AIRBUS GROUP | D3: Aéronautique & défense | E3: Aéronautique | F3: IND | G3: 1
C4: x | E4: Aéronautique | G4: =SUM(G2:G3) -> 2
A5: J | B5: 660 | C5: AJINOMOTO Europe | D5: Industrie agroalimentaire et produits pharmaceutiques. | E5: Agro-alimentaire | F5: IND | G5: 1
A6: J | B6: 1200 | C6: EUROPEAN SAKATA HOLDING | D6: Semences potagères & florales | E6: Agro-alimentaire | F6: IND | G6: 1
A7: J | B7: 660 | C7: FOODEX | D7: Import - Export | E7: Agro-alimentaire | F7: BC | G7: 1
A8: J | B8: 660 | C8: SUNTORY France | D8: Boissons, vins & spiritueux | E8: Agro-alimentaire | F8: BC | G8: 1
C9: x | E9: Agro-alimentaire | G9: =SUM(G5:G8) -> 4
A10: F | B10: 660 | C10: FONDATION FOUJITA | D10: Patrimoine culturel | E10: Art & culture | F10: S | G10: 1
A11: F | B11: 660 | C11: PIERRE-YVES CAER GALLERY | D11: Galerie d'art | E11: Art & culture | F11: BC | G11: 1
A12: F | B12: 660 | C12: EDITIONS AKINOME | D12: Maison d'édition | E12: Art & culture | F12: BC | G12: 1
C13: X | E13: Art & culture | G13: =SUM(G10:G12) -> 3
A14: F | B14: 1200 | C14: AXA ASSISTANCE | D14: Assurance | E14: Assurance | F14: S | G14: 1
A15: F | B15: 660 | C15: RAMBAUD LABROSSE | D15: Assurance | E15: Assurance | F15: S | G15: 1
A16: J | B16: 660 | C16: SOMPO JAPAN NIPPONKOA MARTIN & BOULART | D16: Assurance | E16: Assurance | F16: S | G16: 1
A17: J | B17: 1200 | C17: TOKIO MARINE KILN INSURANCE LIMITED | D17: Assurance | E17: Assurance | F17: S | G17: 1
C18: x | E18: Assurance | G18: =SUM(G14:G17) -> 4
A19: J | B19: 660 | C19: AKEBONO BRAKE INDUSTRY - Bureau de liaison Europe | D19: Systèmes de freinage automobile | E19: Automobile | F19: IND | G19: 1
A20: F | B20: 1200 | C20: ALLIANCE RENAULT NISSAN | D20: Constructeur Automobile | E20: Automobile | F20: IND | G20: 1
A21: J | B21: 660 | C21: CALSONIC KANSEI | D21: Equipementier automobile | E21: Automobile | F21: IND | G21: 1
A22: J | B22: 660 | C22: JATCO France | D22: Equipementier automobile | E22: Automobile | F22: IND | G22: 1
A23: J | B23: 660 | C23: MARUYASU INDUSTRIES | D23: Equipementier automobile | E23: Automobile | F23: IND | G23: 1
A24: J | B24: 1200 | C24: NMB MINEBEA | D24: Système de moteur électrique et de roulements à bille | E24: Automobile | F24: IND | G24: 1
A25: F | B25: 1200 | C25: RENAULT | D25: Constructeur Automobile | E25: Automobile | F25: IND | G25: 1
A26: J | B26: 1200 | C26: TOYOTA MOTOR Europe | D26: Automobile | E26: Automobile | F26: IND | G26: 1
A27: F | B27: 1200 | C27: VALEO | D27: Equipementier automobile | E27: Automobile | F27: IND | G27: 1
C28: x | E28: Automobile | G28: =SUM(G19:G27) -> 9
A29: J | B29: 660 | C29: BANQUE NOMURA France | D29: Banque | E29: Banque & services financiers | F29: S | G29: 1
A30: F | B30: 1200 | C30: CAISSE D'EPARGNE ILE-DE-FRANCE | D30: Banque | E30: Banque & services financiers | F30: S | G30: 1
A31: F | B31: 660 | C31: CREDIT AGRICOLE CIB | D31: Banque | E31: Banque & services financiers | F31: S | G31: 1
A32: J | B32: 1200 | C32: MIZUHO BANK | D32: Banque | E32: Banque & services financiers | F32: S | G32: 1
A33: F | B33: 660 | C33: SBE - SOCIETE DE BANQUE ET D'EXPANSION | D33: Banque | E33: Banque & services financiers | F33: S | G33: 1
A34: J | B34: 660 | C34: SUMITOMO MITSUI TRUST BANK | D34: Banque | E34: Banque & services financiers | F34: S | G34: 1
A35: J | B35: 1200 | C35: THE BANK OF TOKYO MITSUBISHI -UFJ | D35: Banque | E35: Banque & services financiers | F35: S | G35: 1
A36: F | B36: 1200 | C36: WENDEL | D36: Société d'investissement | E36: Banque & services financiers | F36: S | G36: 1
C37: x | E37: Banque & services financiers | G37: =SUM(G29:G36) -> 8
A38: F | B38: 660 | C38: AC LEGAL AVOCAT | D38: Cabinet d'avocats | E38: Cabinet d'avocats | F38: S | G38: 1
A39: F | B39: 660 | C39: ALTANA | D39: Cabinet d'avocats | E39: Cabinet d'avocats | F39: S | G39: 1
A40: F | B40: 660 | C40: BERSAY & ASSOCIES | D40: Cabinet d'avocats | E40: Cabinet d'avocats | F40: S | G40: 1
A41: F | B41: 660 | C41: BIRD & BIRD | D41: Cabinet d'avocats | E41: Cabinet d'avocats | F41: S | G41: 1
A42: F | B42: 660 | C42: DS AVOCATS | D42: Cabinet d'avocats | E42: Cabinet d'avocats | F42: S | G42: 1
A43: F | B43: 660 | C43: FERAL SCHUHL SAINTE MARIE | D43: Cabinet d'avocats | E43: Cabinet d'avocats | F43: S | G43: 1
A44: F | B44: 1200 | C44: FIDAL - Direction Internationale | D44: Cabinet d'avocats | E44: Cabinet d'avocats | F44: S | G44: 1
A45: F | B45: 1200 | C45: HERBERT SMITH | D45: Cabinet d'avocats | E45: Cabinet d'avocats | F45: S | G45: 1
A46: F | B46: 660 | C46: JP KARSENTY ET ASSOCIES | D46: Cabinet d'avocats | E46: Cabinet d'avocats | F46: S | G46: 1
A47: F | B47: 660 | C47: KATZ MENARD BERRIER AVOCATS | D47: Cabinet d'avocats | E47: Cabinet d'avocats | F47: S | G47: 1
A48: F | B48: 1200 | C48: LPA-CGR | D48: Cabinet d'avocats | E48: Cabinet d'avocats | F48: S | G48: 1
A49: F | B49: 660 | C49: MANDEL & ASSOCIES | D49: Cabinet d'avocats | E49: Cabinet d'avocats | F49: S | G49: 1
C50: x | E50: Cabinet d'avocats | G50: =SUM(G38:G49) -> 12
A51: F | B51: 660 | C51: ARCHIPEL JAPON | D51: Traduction, interprétariat, formation, conseil | E51: Communication | F51: S | G51: 1
A52: J | B52: 660 | C52: DAI NIPPON PRINTING | D52: Recherche & Développement, Impression | E52: Communication | F52: S | G52: 1
A53: F | B53: 660 | C53: ELOKAMI PRODUCTION | D53: Production audiovisuelle, Promotion de marques | E53: Communication | F53: S | G53: 1
A54: F | B54: 660 | C54: JEAN/LOUIS | D54: Agence de communication - stratégie | E54: Communication | F54: S | G54: 1
A55: J | B55: 660 | C55: GRAM 3 | D55: Agence de communication | E55: Communication | F55: S | G55: 1
A56: F | B56: 660 | C56: JAPON INFORMATION | D56: Communication & interprétariat | E56: Communication | F56: S | G56: 1
C57: x | E57: Communication | G57: =SUM(G51:G56) -> 6
A58: F | B58: 1200 | C58: BHV EXPLOITATION | D58: Grand magasin | E58: Distribution | F58: S | G58: 1
C59: x | E59: Distribution | G59: =SUM(G58:G58) -> 1
A60: F | B60: 660 | C60: CADERAS MARTIN | D60: Cabinet d'expertise comptable | E60: Expert comptable | F60: S | G60: 1
A61: F | B61: 1200 | C61: COMPTAPLUS | D61: Expertise comptable | E61: Expert comptable | F61: S | G61: 1
C62: x | E62: Expert comptable | G62: =SUM(G60:G61) -> 2
A63: F | B63: 660 | C63: ADIT | D63: Intelligence stratégique & Conseil | E63: Conseil | F63: S | G63: 1
A64: F | B64: 660 | C64: ALP | D64: Conseil | E64: Conseil | F64: S | G64: 1
A65: F | B65: 660 | C65: ARTELIE | D65: Conseil - sécurité en investissement | E65: Conseil | F65: S | G65: 1
A66: F | B66: 660 | C66: ASIE COMMUNICATION INTL | D66: Conseil Import Export | E66: Conseil | F66: S | G66: 1
A67: F | B67: 660 | C67: CABIRA INVESTISSEMENT | D67: Conseil en investissement financier | E67: Conseil | F67: S | G67: 1
A68: F | B68: 660 | C68: CEFIR CONSULTING | D68: Conseil en financement public de l’innovation et de la fiscalité de la recherche | E68: Conseil | F68: S | G68: 1
A69: F | B69: 660 | C69: COMITE D'EXPANSION ECONOMIQUE DU VAL D'OISE | D69: Appui aux entreprises | E69: Conseil | F69: S | G69: 1
A70: F | B70: 1200 | C70: ERNST & YOUNG | D70: Audit & conseil | E70: Conseil | F70: S | G70: 1
A71: J | B71: 660 | C71: EURO JAPAN CROSSING | D71: Conseil en affaires | E71: Conseil | F71: S | G71: 1
A72: F | B72: 660 | C72: EXA PARTNERS | D72: Consulting, Investissement & Trading | E72: Conseil | F72: S | G72: 1
A73: F | B73: 660 | C73: F&JP | D73: Conseil en affaires | E73: Conseil | F73: S | G73: 1
A74: F | B74: 1200 | C74: GRANT THORNTON | D74: Conseil | E74: Conseil | F74: S | G74: 1
... A84: F | B84: 660 | C84: VALERIE TERRANOVA INTERNATIONAL | D84: Conseil en stratégie et influence | E84: Conseil | F84: S | G84: 1
C85: x | E85: Conseil | G85: =SUM(G63:G84) -> 22
A86: F | B86: 1200 | C86: JCDECAUX | D86: Publicité et infrastructures urbaines | E86: Construction & urbanisme | F86: IND | G86: 1
A87: J | B87: 660 | C87: TAKENAKA Europe | D87: Services d'ingiénérie, développement de projets de construction | E87: Construction & urbanisme | F87: IND | G87: 1
C88: x | E88: Construction & urbanisme | G88: =SUM(G86:G87) -> 2
A89: F | B89: 660 | C89: MULTALER & CIE | D89: Laboratoire de phytologie esthétique | E89: Cosmétiques | F89: BC | G89: 1
A90: J | B90: 660 | C90: IWASE COSFA EUROPE | D90: Ingrédients cosmétiques | E90: Cosmétiques | F90: BC | G90: 1
C91: x | E91: Cosmétiques | G91: =SUM(G89:G90) -> 2
A92: J | B92: 1200 | C92: SANRIO COMPANY | D92: Cadeaux et produits grand public | E92: Licensing business | F92: BC | G92: 1
C93: x | E93: Licensing business | G93: =SUM(G92:G92) -> 1
A94: F | B94: 660 | C94: EVERTEAM | D94: Gouvernance de l'information | E94: Electronique | F94: BC | G94: 1
A95: J | B95: 1200 | C95: FUJITSU TECHNOLOGY SOLUTIONS | D95: Informatique | E95: Electronique | F95: BC | G95: 1
A96: J | B96: 1200 | C96: HITACHI CORPORATE OFFICE Europe | D96: Electronique, informatique, construction | E96: Electronique | F96: BC | G96: 1
A97: J | B97: 1200 | C97: KYOCERA FINECERAMICS | D97: Distribution de composants céramiques et électroniques | E97: Electronique | F97: BC | G97: 1
A98: J | B98: 1200 | C98: THALES INTERNATIONAL | D98: Gestion installation informatique | E98: Electronique | F98: BC | G98: 1
C99: x | E99: Electronique | G99: =SUM(G94:G98) -> 5
A100: F | B100: 1200 | C100: AIR LIQUIDE | D100: Gaz industriel | E100: Energie | F100: IND | G100: 1
A101: F | B101: 1200 | C101: ENGIE | D101: Industrie énergétique | E101: Energie | F101: IND | G101: 1
A102: J | B102: 660 | C102: TOKYO GAS | D102: Gaz | E102: Energie | F102: IND | G102: 1
A103: F | B103: 1200 | C103: TOTAL | D103: Produits pétroliers | E103: Energie | F103: IND | G103: 1
C104: x | E104: Energie | G104: =SUM(G100:G103) -> 4
A105: F | B105: 660 | C105: ESMOD | D105: Ecole de formation aux métiers de la mode | E105: Enseignement | F105: S | G105: 1
A106: J | B106: 660 | C106: HUMAN ACADEMY | D106: Ecole de Manga, Animé, Jeux Vidéos. | E106: Enseignement | F106: S | G106: 1
C107: x | E107: Enseignement | G107: =SUM(G105:G106) -> 2
A108: F | B108: 660 | C108: AIR DE MALICE | D108: Communication et événementiel | E108: Evénementiel | F108: S | G108: 1
A109: F | B109: 660 | C109: ART SANJO | D109: Evénementiel | E109: Evénementiel | F109: S | G109: 1
...

Sheet Synthèse 180920
B1: 2016 | C1: 2017 | D1: 2018
A2: Renouvelés | B2: 138 | C2: 135 | D2: ='ADHESION 2018'!$E$162 -> 118
A3: En attente de renouvellement | B3: 1 | C3: 11 | D3: ='ADHESION 2018'!$E$163 -> 39
A4: Total | B4: =SUM(B2:B3) -> 139 | C4: =SUM(C2:C3) -> 146 | D4: =SUM(D2:D3) -> 157
B7: 2016 | C7: 2017 | D7: 2018
A8: Membres FR | B8: 73 | C8: 79 | D8: ='ADHESION 2018'!$E$167 -> 91
A9: Membres JP | B9: 66 | C9: 67 | D9: ='ADHESION 2018'!$E$168 -> 66
A10: TOTAL | B10: =SUM(B8:B9) -> 139 | C10: =SUM(C8:C9) -> 146 | D10: =SUM(D8:D9) -> 157
B13: 2016 | C13: 2017 | D13: 2018
A14: Grands groupes | B14: 39 | C14: 41 | D14: ='ADHESION 2018'!$I$166 -> 46
A15: PME | B15: 100 | C15: 105 | D15: ='ADHESION 2018'!$I$167 -> 108
A16: Startups | B16: 0 | C16: 0 | D16: ='ADHESION 2018'!$I$165 -> 3
A17: TOTAL | B17: =SUM(B14:B15) -> 139 | C17: =SUM(C14:C15) -> 146 | D17: =SUM(D14:D16) -> 157
A19: membres 2015 :152
B20: 2016 | C20: 2017 | D20: 2018
A21: Nouveaux membres | B21: 23 | C21: 21 | D21: ='ADHESION 2018'!$E$166 -> 23
A22: Résiliations | B22: 10 | C22: 26 | D22: ='ADHESION 2018'!$E$170 -> 13
A23: Turnover | B23: =((B21+B22)/2)/152 -> 0.10855263 | C23: =((C21+C22)/2)/139 -> 0.16906475 | D23: =((D21+3)/2)/144 -> 0.090277778

Sheet RESILIATIONS 2018
A1: NB | B1: SOCIETES | C1: SECTEUR | D1: SECTEUR 2 | E1: GROUPE | F1: TOTAL
A2: 1 | B2: NISSAN Europe | C2: Constructeur automobile | D2: Automobile | E2: IND | F2: 1
A3: 1 | B3: HOSHINO RESORTS | C3: Hôtellerie | D3: Hôtellerie | E3: S | F3: 1
A4: 1 | B4: ISETAN MITSUKOSHI | C4: Grands magasins | D4: Distribution | E4: BC | F4: 1
A5: 1 | B5: DIALOGUE FRANCO-JAPONAIS | C5: Conseil stratégique pour cadres dirigeants | D5: Conseil | E5: S | F5: 1
A6: 1 | B6: BERNARDAUD | C6: Art de la table | D6: Luxe | E6: BC | F6: 1
A7: 1 | B7: 9EME ART + | C7: Evénementiel - organisation de festivals | D7: Evénementiel | E7: S | F7: 1
A8: 1 | B8: PRINCE HOTELS | C8: Hôtellerie | D8: Hôtellerie | E8: S | F8: 1 | G8: cotis 2017 non payée
A9: 1 | B9: SEMAPHORES ENTREPRISES | C9: Conseil en transformation d'entreprises | D9: Conseil | E9: S | F9: 1
A10: 1 | B10: TOYOTA TSUSHO Europe | C10: Société de commerce | D10: Société de commerce | E10: BC | F10: 1 | G10: cotis 2017 non payée
A11: 1 | B11: MELT IN POTE PRODUCTION | C11: Interprètariat - Coordinateur - Guide conférencier en japonais | D11: Communication | E11: S | F11: 1
A12: 1 | B12: DATAWORDS | C12: Localisation de sites Web - Traduction multimédia - PAO | D12: Communication | E12: S | F12: 1
A13: 1 | B13: KYREMA | C13: Conseil en affaires et gestion | D13: Conseil | E13: S | F13: 1
A14: 1 | B14: VIRGINIE GRILLET | C14: Cabinet de recrutement de jeunes diplomés | D14: Ressources Humaines | E14: S | F14: 1
A15: =SUM(A2:A14) -> 13

Sheet POTENTIELS 2018
A1: NB | B1: NATIONALITE | C1: SOCIETES | D1: COTIS | E1: HEBDO | F1: MONTANT GLOBAL | G1: SECTEUR
B2: F | C2: Editions L’harmattan (Maison d'éditions)
B3: F | C3: Eiko Studio (agence de communication digitale)
B4: F | C4: Terrawatt (Catherine Mantel)
B5: F | C5: Addix (agence de communication japonaise)
B6: J | C6: Bo Project. Sarl (baguette de luxe pour restauration)
B7: F | C7: Confiture parisienne (gastronomie de luxe )– start up
B8: F | C8: Le Jardin Imparfait (Production musicale)
B9: F | C9: Manners (plateforme de services freelance) – start up
